Map: Radhuset Station LE

Players

Savage

  • Race: Zerg Zerg
  • League: Diamond
  • Spawn Location: 7:00

Azgar - Winner!

  • Race: Terran Terran
  • League: Diamond
  • Spawn Location: 1:00

VOD

Have the link to the VOD?

Description

Time

  • Played on: Feb. 28, 2024, 9:16 p.m.
  • Length: 11:09
Show
View Real Time Build Order
Export as new Build Order

Savage Zerg 

Build Orders: Hatch First 

Get SALT Encoding   

  12  0:00  Drone  
  13  0:12  Overlord  
  13  0:17  Drone  
  14  0:30  Drone x2  
  14  0:35  Drone  
  17  0:54  Hatchery  
  17  0:56  Drone  
  17  1:02  Drone  
  18  1:05  Extractor  
  18  1:07  Drone  
  18  1:20  Spawning Pool  
  18  1:22  Drone  
  18  1:28  Drone  
  19  1:38  Drone  
  20  1:48  Overlord  
  20  2:07  Metabolic Boost  
  20  2:10  Queen x2  
  20  2:12  Zergling x4  
  20  2:13  Zergling x2  
  27  2:17  Drone  
  28  2:23  Extractor, Drone  
  28  2:37  Drone x2  
  28  2:43  Roach Warren  
  29  3:06  Overlord  
  29  3:24  Roach x6  
  29  3:25  Roach  
  43  3:28  Overlord  
  43  3:37  Overlord  
  43  3:53  Overlord  
  43  3:54  Drone x2  
  43  3:55  Drone x2  
  45  4:21  Overlord  
  45  4:22  Drone, Overlord  
  45  4:23  Drone x3  
  48  5:04  Ravager  
  49  5:10  Drone  
  49  5:11  Drone x11  
  49  5:14  Ravager  
  48  5:38  Extractor  
  48  5:39  Roach  
  48  5:40  Extractor, Roach x4  
  48  5:42  Lair  
  54  5:46  Overlord  
  54  6:00  Hatchery  
  53  6:12  Drone  
  53  6:13  Drone x2  
  53  6:17  Roach x5  
  66  6:22  Drone  
  67  6:33  Drone x2  
  68  6:58  Overseer x2  
  60  7:03  Queen  
  60  7:06  Spore Crawler  
  60  7:07  Spore Crawler  
  58  7:09  Spore Crawler  
  58  7:13  Spire  
  54  7:24  Queen  
  54  7:28  Spore Crawler  
  54  7:29  Spore Crawler  
  54  7:43  Drone  
  54  7:44  Drone x14  
  62  7:47  Overlord x3  
  69  7:51  Spore Crawler  
  69  7:52  Queen  
  69  7:53  Spore Crawler  
  69  7:55  Spore Crawler  
  66  9:09  Overseer  
  64  9:22  Drone  
  64  9:23  Drone x14  
  79  9:32  Spore Crawler  
  78  9:45  Roach  
  80  9:46  Roach x4  
  88  10:11  Mutalisk  
  88  10:12  Mutalisk x12  
  114  10:33  Overlord x5  
  114  10:44  Extractor  
  114  10:46  Extractor  
Show
View Real Time Build Order
Export as new Build Order

Azgar Terran - Winner!

Build Orders: Reaper Expand, Hellion Banshee 

Get SALT Encoding   

  12  0:00  SCV  
  13  0:12  SCV  
  14  0:18  Supply Depot  
  14  0:24  SCV  
  15  0:39  SCV  
  15  0:41  Barracks  
  16  0:45  Refinery  
  16  0:51  SCV  
  17  1:03  SCV  
  18  1:15  SCV  
  19  1:29  Reaper  
  19  1:30  Orbital Command  
  20  1:48  Command Center  
  20  1:56  SCV  
  21  2:03  Refinery  
  21  2:10  Marine  
  21  2:11  Factory  
  22  2:17  SCV  
  22  2:19  Supply Depot  
  23  2:28  Barracks Reactor  
  23  2:40  SCV  
  23  2:52  SCV  
  24  3:05  SCV, Starport  
  27  3:13  Hellion x2  
  27  3:16  Orbital Command  
  27  3:17  SCV  
  27  3:19  Barracks Tech Lab  
  30  3:29  SCV  
  33  3:34  Hellion  
  33  3:35  Hellion  
  35  3:42  Starport Tech Lab  
  35  3:48  Command Center  
  35  3:53  SCV x2  
  37  3:59  Hellion  
  37  4:01  Hellion  
  41  4:07  Supply Depot  
  41  4:08  SCV  
  42  4:22  Banshee  
  42  4:23  Cloaking Field  
  44  4:41  Siege Tank, Marine x2  
  49  4:56  Orbital Command  
  44  5:01  Marine x2  
  46  5:09  SCV  
  43  5:19  Marine  
  42  5:22  Orbital Command  
  42  5:25  Banshee  
  42  5:32  SCV  
  42  5:33  SCV  
  43  5:48  Factory Tech Lab  
  43  5:50  Marine x2  
  45  6:01  Engineering Bay x2  
  45  6:06  SCV x2  
  47  6:21  Barracks  
  47  6:23  Siege Tank  
  47  6:24  Barracks  
  50  6:30  Starport Reactor, Refinery  
  50  6:32  Terran Infantry Weapons Level 1  
  50  6:33  Terran Infantry Armor Level 1  
  50  6:41  SCV x3  
  53  6:53  SCV  
  53  6:54  SCV x2  
  56  7:05  SCV  
  56  7:06  SCV  
  56  7:08  SCV  
  59  7:24  Supply Depot  
  59  7:27  Stimpack  
  59  7:28  Barracks Reactor  
  59  7:29  Marauder  
  61  7:32  Barracks  
  61  7:33  Supply Depot  
  61  7:34  Barracks, Supply Depot  
  61  7:38  Orbital Command  
  61  7:39  Supply Depot  
  61  7:40  Refinery  
  61  7:46  Siege Tank  
  64  7:58  Medivac x2  
  64  8:01  Supply Depot, SCV x2  
  70  8:08  Missile Turret  
  70  8:12  SCV  
  71  8:13  SCV  
  71  8:16  Marine  
  71  8:18  Siege Tank, Marine  
  77  8:30  SCV x2  
  79  8:35  Barracks Tech Lab  
  79  8:36  Barracks Reactor  
  79  8:37  Medivac x2  
  83  8:46  Supply Depot  
  83  8:49  Missile Turret  
  83  8:50  Supply Depot  
  83  8:51  Missile Turret  
  83  8:53  Missile Turret, SCV x3  
  86  9:05  SCV x2  
  88  9:17  Armory  
  87  9:18  Siege Tank  
  87  9:22  Marauder x2, Marine x4  
  87  9:23  SCV  
  87  9:24  SCV  
  100  9:27  Marine  
  100  9:29  Medivac  
  103  9:32  Supply Depot  
  101  9:47  Marine x2  
  101  9:48  Marauder x2, Marine  
  101  9:51  SCV x2  
  110  9:55  SCV  
  110  9:56  Refinery  
  111  10:00  Refinery  
  111  10:03  SCV x2  
  113  10:22  Supply Depot  
  113  10:26  Concussive Shells  
  113  10:27  Marine x6  
  119  10:39  Supply Depot  
  119  10:43  Supply Depot, SCV x3  
  119  10:45  Supply Depot  
Tags
 
Add a new tag
Caveats
  • Supply blocks, unpowered buildings, or Contaminate may cause inaccurate times.
  • Supply counts are checked every 10 seconds.